 Dungeon Crawl Stone Soup version 0.25-a0-781-gc44aebf4fe (webtiles) character file.

Game seed: 5613521254011618672, levelgen mode: deterministic

1712 kae the Ruffian (level 8, 0/67 HPs)
             Began as a Yellow Draconian Transmuter on Apr 15, 2020.
             Was an Initiate of Wu Jian.
             Slain by Prince Ribbit (17 damage)
             ... on level 6 of the Dungeon.
             The game lasted 00:05:31 (5934 turns).

kae the Ruffian (Yellow Draconian Transmuter)       Turns: 5934, Time: 00:05:31

Health: 0/67       AC:  2    Str: 14    XL:     8   Next: 74%
Magic:  14/16      EV: 19    Int: 14    God:    Wu Jian [......]
Gold:   297        SH:  0    Dex: 17    Spells: 12/18 levels left

rFire    . . .     SeeInvis .     - Unarmed
rCold    . . .     Gourm    .   (shield currently unavailable)
rNeg     . . .     Faith    .   (armour unavailable)
rPois    x         Spirit   .   (helmet currently unavailable)
rElec    .         Reflect  .   (cloak currently unavailable)
rCorr    .         Harm     .   (gloves currently unavailable)
MR       .....                  (boots currently unavailable)
Stlth    +++.......             (no amulet)
HPRegen  0.21/turn              q - ring of wizardry
MPRegen  0.15/turn              h - ring of stealth

@: spider-form, lightly drained
A: tiny, (spit acid), unfitting armour, AC +6
a: End Transformation, Renounce Religion


You were on level 6 of the Dungeon.
You worshipped Wu Jian.
Wu Jian was noncommittal.
You were not hungry.
You were a venomous arachnid creature.
You visited 2 branches of the dungeon, and saw 7 of its levels.

You collected 297 gold pieces.

Inventory:

Missiles
 a - 52 arrows
Armour
 l - a +1 cloak (melded)
 m - a +0 pair of boots (melded)
Jewellery
 h - a ring of stealth (right front leg)
 q - a ring of wizardry (left front leg)
 u - a cursed ring of teleportation {unknown}
 w - an uncursed ring of protection from fire {unknown}
Scrolls
 b - 2 scrolls of noise
 j - 5 scrolls of remove curse
 k - 4 scrolls of magic mapping
 n - 2 scrolls of enchant weapon
 r - a scroll of immolation
Potions
 d - 4 potions of curing
 e - 2 potions of brilliance
 f - a potion of invisibility
 g - a potion of might
 i - 3 potions of flight
 o - a potion of cancellation {unknown}
 p - a potion of heal wounds
 s - a potion of degeneration {unknown}
 v - a potion of lignification {unknown}
Comestibles
 c - 12 rations
 t - 6 chunks of flesh


   Skills:
 + Level 4.9(4.6) Fighting
 - Level 1.7(1.5) Dodging
 + Level 6.6(6.3) Unarmed Combat
 + Level 5.7(5.4) Spellcasting
 + Level 6.2(5.9) Transmutations


You had 12 spell levels left.
You knew the following spells:

 Your Spells              Type           Power        Failure   Level  Hunger
a - Beastly Appendage     Tmut           ###...       2%          1    None
b - Sticks to Snakes      Tmut           ###.....     3%          2    ##.....
c - Spider Form           Tmut/Pois      ##........   13%         3    ###....

Your spell library contained the following spells:

 Spells                   Type           Power        Failure   Level  Hunger
 Blade Hands              Tmut           ###.......   28%         5    ######.
 Ice Form                 Ice/Tmut       ##......     32%         4    ####...
 Petrify                  Tmut/Erth      ##......     32%         4    ####...
 Confusing Touch          Hex            #.......     34%         3    ###....
 Gell's Gravitas          Tloc           #.........   34%         3    ###....
 Yara's Violent Unravell  Hex/Tmut       ##........   63%         5    ######.
 Metabolic Englaciation   Hex/Ice        #.........   93%         5    ######.


Dungeon Overview and Level Annotations

Branches:
Dungeon (6/15)             Temple (1/1) D:6

Altars:
Ashenzari
Cheibriados
Dithmenos
Elyvilon
Fedhas
Gozag
Kikubaaqudgha
Makhleb
Nemelex Xobeh
Okawaru
Qazlal
Ru
Sif Muna
Trog
Uskayaw
Vehumet
Wu Jian
Xom
Yredelemnul
Zin
The Shining One

Annotations:
D:6 Prince Ribbit


Innate Abilities, Weirdness & Mutations

((You can spit globs of acid.))
((Your golden yellow scales are hard. (AC +6)))
You cannot fit into any form of body armour.
((You are cold-blooded and may be slowed by cold attacks.))
((You are resistant to acid. (rCorr)))


Message History

You have got your breath back.
The bullfrog hits you.
Prince Ribbit hops awkwardly around.
Prince Ribbit blinks!
You bite the bullfrog!
The bullfrog is poisoned.
The bullfrog is heavily wounded.
The bullfrog completely misses you.
Prince Ribbit blinks!
The bullfrog misses you.
You closely miss the bullfrog.
The bullfrog is heavily wounded.
The bullfrog barely misses you.
You barely miss the bullfrog.
The bullfrog is severely wounded.
The bullfrog misses you. The bullfrog hits you!
You hit the bullfrog.
The bullfrog is severely wounded.
The bullfrog hits you.
* * * LOW HITPOINT WARNING * * *
Prince Ribbit hits you!
You die...

# #.#####.#..#.. #
#.......#...##
#########.#######....#
.....†......))......##
#####..#######......##
#..# #.......# #..#
#.......#
#####..#######...F...#
....#..#........s..###
....#..#.......##F##
....#..#.......##.#
....#..#.......##J#
#####..#########..#
#..# #.... ..# #.#...
#####..# ..#....
....... .........


You could see Prince Ribbit, a bullfrog and a jelly.

Vanquished Creatures
  Sigmund (D:6)
  3 ogres
  A sky beast (D:6)
  A phantom (D:5)
  A bullfrog (D:6)
  A wyvern zombie (D:6)
  A scorpion (D:4)
  3 wights (D:6)
  3 crimson imps
  2 howler monkeys
  A centaur skeleton (D:4)
  A bullfrog skeleton (D:4)
  A centaur zombie (D:6)
  2 hounds
  3 orc priests
  An iguana (D:4)
  Terence (D:1)
  3 orc wizards (D:5)
  3 worker ants
  A howler monkey zombie (D:5)
  4 gnolls (D:5)
  7 adders
  A shadow imp (D:6)
  An ooze (D:4)
  2 worms
  A dart slug (D:1)
  3 leopard geckos
  14 orcs
  3 giant cockroaches
  7 hobgoblins
  8 kobolds
  2 quokkas
  9 bats
  10 frilled lizards
  5 goblins
  A leopard gecko skeleton (D:4)
  6 rats
118 creatures vanquished.

Notes
Turn   | Place    | Note
-------+----------+-------------------------------------------
     0 | D:1      | kae the Draconian Transmuter began the quest for the Orb.
     0 | D:1      | Reached XP level 1. HP: 16/16 MP: 3/3
   165 | D:1      | Reached XP level 2. HP: 21/23 MP: 3/5
  1052 | D:2      | Reached XP level 3. HP: 28/28 MP: 4/6
  1199 | D:2      | Noticed Terence
  1297 | D:1      | Killed Terence
  1297 | D:1      | Reached XP level 4. HP: 18/35 MP: 6/8
  1452 | D:1      | Learned a level 2 spell: Sticks to Snakes
  1456 | D:1      | Learned a level 3 spell: Spider Form
  2152 | D:3      | Found a faded altar of an unknown god.
  2801 | D:4      | Reached XP level 5. HP: 32/40 MP: 9/9
  3042 | D:4      | Reached XP level 6. HP: 35/47 MP: 9/11
  3793 | D:4      | Reached skill level 5 in Unarmed Combat
  3823 | D:4      | Your scales start taking on a golden yellow colour.
  3823 | D:4      | Reached XP level 7. HP: 46/55 MP: 13/13
  3823 | D:4      | Gained mutation: You are resistant to acid. (rCorr) [Yellow
                  | Draconian growth]
  3963 | D:5      | Entered Level 5 of the Dungeon
  4333 | D:5      | Reached skill level 5 in Transmutations
  5010 | D:6      | Found a staircase to the Ecumenical Temple.
  5020 | D:6      | Reached skill level 5 in Spellcasting
  5020 | D:6      | Reached XP level 8. HP: 21/63 MP: 15/15
  5025 | Temple   | Entered the Ecumenical Temple
  5412 | Temple   | Became a worshipper of the Wu Jian Council
  5510 | D:6      | Noticed Sigmund
  5516 | D:6      | Killed Sigmund
  5921 | D:6      | Noticed Prince Ribbit
  5934 | D:6      | Slain by Prince Ribbit

Levels and vault maps discovered:
D:1:      ebering_hopf_link, layout_basic
D:2:      layout_basic, first_ration, uniq_terence
D:3:      minmay_evil_eye, layout_loops_corners,
          chequers_ecumenical_altar_simple
D:4:      layout_cave_pods
D:5:      layout_basic, serial_glass, glass_columns_a, glass_columns_a,
          chequers_serial_rivers_small_b
D:6:      layout_rooms, minmay_temple_entry_butterflies,
          serial_co_window_serial, co_window_corner_a, co_window_paths_a,
          co_window_of_opportunity_a, co_window_corner_a, co_window_corner_a,
          co_window_unsneaky_path_c, co_window_unsneaky_path_d,
          co_window_cross_3, glass_columns_b, serial_shops, shop,
          vehumet_altar_wand_db, uniq_prince_ribbit1, uniq_sigmund
Temple:   minmay_crystal_snake_temple

Skill      XL: |  1  2  3  4  5  6  7  8 |
---------------+-------------------------+-----
Transmutations | 3 4 5 6 |  6.2
Spellcasting   | 3 4 5 |  5.7
Unarmed Combat | 4 5 6 |  6.6
Fighting       | 2 3 4 |  4.9
Dodging        | |  1.7

Action                   |  1- 3 |  4- 6 |  7- 9 || total
-------------------------+-------+-------+-------++-------
Melee: Unarmed           |   104 |   180 |   166 ||   450
       Tailslap          |     9 |    17 |    14 ||    40
       Headbutt          |     7 |    10 |     2 ||    19
       Kick              |     3 |       |       ||     3
       Punch             |     2 |     2 |       ||     4
 Cast: Beastly Appendage |    24 |    15 |     4 ||    43
       Spider Form       |       |     5 |     6 ||    11
Invok: Lunge             |       |       |     2 ||     2
 Abil: Breathe Acid      |       |       |    13 ||    13
  Use: Scroll            |     4 |     8 |     3 ||    15
       Potion            |       |       |     2 ||     2
 Stab: Sleeping          |     4 |     7 |     2 ||    13
       Distracted        |       |     1 |       ||     1
  Eat: Chunk             |     1 |    10 |     9 ||    20
Armor: Skin              |    55 |    46 |    37 ||   138
Dodge: Dodged            |    87 |    97 |   122 ||   306

Table legend:
 A = Non-vault XP
 B = Vault XP
 C = Vault XP percentage of total XP
 D = Non-vault monster count
 E = Vault monster count
 F = Vault count percentage of total count
                 A         B        C        D         E       F
            +---------+---------+-------+---------+---------+-------
      Total |    2183 |     263 |  10.8 |     115 |       3 |   2.5
            +---------+---------+-------+---------+---------+-------
        D:1 |      34 |      38 |  52.8 |      20 |       1 |   4.8
        D:2 |      55 |       0 |   0.0 |      13 |       0 |   0.0
        D:3 |      32 |       2 |   5.9 |      18 |       1 |   5.3
        D:4 |     613 |       0 |   0.0 |      24 |       0 |   0.0
        D:5 |     638 |       0 |   0.0 |      22 |       0 |   0.0
        D:6 |     811 |     223 |  21.6 |      18 |       1 |   5.3
            +---------+---------+-------+---------+---------+-------
